 Dungeon Crawl Stone Soup version 0.30-a0-737-gf23d94013f (webtiles) character file.

Game seed: 1309379588241500696

158 Atelerd the Digger (level 5, -1/32 HPs)
             Began as an Octopode Earth Elementalist on Feb 2, 2023.
             Slain by a hobgoblin (3 damage)
             ... led by Robin
             ... on level 4 of the Dungeon.
             The game lasted 00:04:33 (2757 turns).

Atelerd the Digger (Octopode Earth Elementalist)    Turns: 2757, Time: 00:04:34

Health: -1/32      AC:  1    Str:  8    XL:     5   Next: 40%
Magic:  5/9        EV: 14    Int: 17    God:
Gold:   236        SH:  0    Dex: 14    Spells: 4/9 levels left

rFire   . . .      SeeInvis .    c - +0 hand axe (heavy)
rCold   . . .      Faith    .    (no shield)
rNeg    . . .      Spirit   .    (helmet restricted)
rPois   .          Reflect  .    (no amulet)
rElec   .          Harm     .    (no ring)
rCorr   .          Rampage  .    (no ring)
Will    .....                    (no ring)
Stlth   +++                      (no ring)
HPRegen 0.25/turn                (no ring)
MPRegen 0.11/turn                (no ring)
                                 (no ring)
                                 (no ring)

@: hasted, very quick
A: almost no armour, amphibious, 8 rings, camouflage 1, gelatinous body 1,
(nimble swimmer 1), tentacles
a: no special abilities


You were on level 4 of the Dungeon.
You visited 1 branch of the dungeon, and saw 4 of its levels.

You collected 236 gold pieces.

Inventory:

Hand Weapons
 c - a +0 heavy hand axe (weapon)
 p - a +0 dagger of speed
Scrolls
 b - 2 scrolls of identify {unknown}
 e - a scroll of amnesia {unknown}
 f - a scroll of blinking {unknown}
 g - 2 scrolls of teleportation {unknown}
 i - a scroll of vulnerability {unknown}
 k - 3 scrolls of noise {unknown}
 m - a scroll of fear {unknown}
 n - 4 scrolls of immolation {unknown}
 o - 2 scrolls of magic mapping {unknown}
Potions
 a - a potion of magic
 d - a potion of lignification {unknown}
 h - 2 potions of attraction {unknown}
 j - 3 potions of haste
 l - a potion of heal wounds {unknown}
 q - a potion of flight {unknown}


   Skills:
 + Level 0.3 Fighting
 + Level 1.1 Axes
 + Level 3.0 Dodging
 - Level 2.6 Stealth
 + Level 2.9 Spellcasting
 + Level 1.0 Transmutations
 + Level 4.5 Earth Magic


You had 4 spell levels left.
You knew the following spells:

 Your Spells              Type           Power      Damage    Failure   Level
a - Sandblast             Erth           34%        2d9       2%          1
b - Petrify               Tmut/Erth      11%        N/A       50%         4

Your spell library contained the following spells:

 Spells                   Type           Power      Damage    Failure   Level
 Passwall                 Tmut/Erth      9%         N/A       9%          2
 Stone Arrow              Conj/Erth      20%        3d8       21%         3
 Cigotuvi's Dreadful Rot  Necr/Pois/Air  4%         N/A       26%         2
 Dispel Undead            Necr           2%         3d7       87%         4
 Death Channel            Necr           1%         N/A       100%        6


Dungeon Overview and Level Annotations

Branches:
Dungeon (4/15)
 Temple: D:4-7

Altars:
Ashenzari
Cheibriados
Fedhas
Sif Muna

Annotations:
D:4 2 transporters, Robin


Innate Abilities, Weirdness & Mutations

You cannot wear most types of armour.
You are amphibious.
You can wear up to eight rings at the same time.
Your skin changes colour to match your surroundings (Stealth+).
Your rubbery body absorbs attacks. (AC +1, EV +1)
((You are camouflaged when in or above water. (Stealth+)))
You have tentacles for arms and can constrict up to eight enemies at once.


Message History

Okay, then.
It was a potion of haste.
You feel yourself speed up. The hobgoblin misses you.
The goblin closely misses you. Robin throws the goblin at you!
The goblin misses you. The goblin closely misses you. The hobgoblin hits you.
Casting: Sandblast (safe; 2% risk of failure)
Confirm with . or Enter, or press ? or * to list all spells.
Aiming: Sandblast (safe; 2% risk of failure)
Press: ? - help, Shift-Dir - straight line, p - goblin The blast of sand hits the goblin!
You kill the goblin!
The hobgoblin shouts!
The goblin hits you but does no damage.
The goblin hits you with a +1 dagger of pain!
The hobgoblin closely misses you.
Unknown command.
Casting: Sandblast (safe; 2% risk of failure)
Confirm with . or Enter, or press ? or * to list all spells.
Aiming: Sandblast (safe; 2% risk of failure)
Press: ? - help, Shift-Dir - straight line The blast of sand hits the hobgoblin.
The hobgoblin is almost dead.
The hobgoblin hits you. The hobgoblin barely misses you. The goblin misses you.
Robin roars a battlecry!
The hobgoblin goes into a battle-frenzy!
The goblin closely misses you. The hobgoblin barely misses you.
Unknown command.
Unknown command.
Casting: Sandblast (safe; 2% risk of failure)
Confirm with . or Enter, or press ? or * to list all spells.
Aiming: Sandblast (safe; 2% risk of failure)
Press: ? - help, Shift-Dir - straight line The blast of sand hits the hobgoblin but does no damage.
The hobgoblin is almost dead.
The hobgoblin misses you. The hobgoblin hits you.
* * * LOW HITPOINT WARNING * * *
The goblin hits you but does no damage.
The goblin hits you with a +1 dagger of pain.
* * * LOW HITPOINT WARNING * * *
The hobgoblin hits you.
You die...

#.#.........#.##
#
#.#.........#.#
#.#........©#...
#.#.........#...
#.#....©....#
#.#.So......#
##.##8YF...8##
##...#########.
#.....g@gggg...
###...gggg.#...
####.ggg....#
#.....#...
###?.## #. ###


You could see a yak, a bullfrog, Robin, an adder, an orc, 6 hobgoblins and 5
goblins.

Vanquished Creatures
  An orc wizard (D:3)
  6 adders
  A worm (D:3)
  2 dart slugs
  4 orcs (D:3)
  4 ball pythons
  9 bats
  5 endoplasms
  A giant cockroach (D:2)
  7 goblins
  8 hobgoblins
  4 quokkas
  4 frilled lizards
  6 kobolds
  4 rats
66 creatures vanquished.

Vanquished Creatures (others)
  109 plants (D:1)
109 creatures vanquished.

Grand Total: 175 creatures vanquished

Notes
Turn   | Place    | Note
-------+----------+-------------------------------------------
     0 | D:1      | Atelerd the Octopode Earth Elementalist began the quest for
                  | the Orb.
     0 | D:1      | Reached XP level 1. HP: 11/11 MP: 3/3
   115 | D:1      | Reached XP level 2. HP: 17/17 MP: 3/5
   366 | D:1      | Found a faded altar of an unknown god.
   434 | D:1      | Reached XP level 3. HP: 21/21 MP: 6/6
  1163 | D:2      | Reached XP level 4. HP: 27/27 MP: 5/7
  1328 | D:2      | Reached skill level 4 in Earth Magic
  1577 | D:3      | Learned a level 4 spell: Petrify
  1717 | D:3      | Reached XP level 5. HP: 5/31 MP: 4/9
  1986 | D:3      | Found a shimmering blue altar of Sif Muna.
  2189 | D:3      | Reached skill level 1 in Axes
  2723 | D:4      | Found a snail-covered altar of Cheibriados.
  2724 | D:4      | Found a blossoming altar of Fedhas.
  2724 | D:4      | Noticed a yak
  2725 | D:4      | Found a broken altar of Ashenzari.
  2726 | D:4      | Found a transporter.
  2742 | D:4      | Found a transporter.
  2750 | D:4      | Noticed Robin
  2757 | D:4      | Slain by a hobgoblin

Illustrated notes

Levels and vault maps discovered:
D:1:      roderic_crop_circles_arrival_large, layout_basic,
          chequers_ecumenical_altar_twisty
D:2:      layout_rooms
D:3:      layout_basic, nicolae_overflow_hidden_temple
D:4:      layout_cave_pools, gammafunk_temple_overflow_arena,
          nicolae_elevator_lobby_asterisk, uniq_robin

Skill      XL: |  1  2  3  4  5 |
---------------+----------------+-----
Earth Magic    | 4 |  4.5
Dodging        | 3 |  3.0
Axes           | 1 |  1.1
Fighting       | |  0.3
Stealth        | |  2.6
Spellcasting   | |  2.9
Transmutations | |  1.0

Action                     |  1- 3 |  4- 6 || total
---------------------------+-------+-------++-------
  Melee: Unarmed           |     6 |       ||     6
         Tentacles         |     6 |     2 ||     8
         Constrict         |     8 |    11 ||    19
         Hand axe          |    27 |    30 ||    57
   Cast: Sandblast         |    23 |    25 ||    48
    Use: Potion            |       |     1 ||     1
   Stab: Sleeping          |     5 |     5 ||    10
         Distracted        |       |     2 ||     2
 Armour: Skin              |     6 |     4 ||    10
  Dodge: Dodged            |    34 |    31 ||    65

Table legend: (Time is in decaauts)
 A = Elapsed time spent in this place.
 B = Non-inter-level travel time spent in this place.
 C = Inter-level travel time spent in this place.
 D = Time resting spent in this place.
 E = Time spent auto-exploring this place.
 F = Levels seen in this place.
 G = Mean time per level.
                   A        B        C        D        E       F      G
               +--------+--------+--------+--------+--------+-----+--------+
         Total |   2828 |   2737 |     91 |    284 |   1990 |   4 |  707.0 |
       Dungeon |   2828 |   2737 |     91 |    284 |   1990 |   4 |  707.0 |
               +--------+--------+--------+--------+--------+-----+--------+

Top non-repeatable levels by time:
     D:3: 1176 daAuts
     D:1: 846 daAuts
     D:2: 769 daAuts
     D:4: 37 daAuts
